 Dungeon Crawl Stone Soup version 0.22-a0-358-g7563fe7 (webtiles) character file.

5167 Demitroll the Covered (level 10, -14/126 HPs)
             Began as a Demigod Wanderer on Apr 18, 2018.
             Demolished by a two-headed ogre
             ... wielding a +0 giant club
              (22 damage)
             ... on level 7 of the Dungeon.
             The game lasted 00:19:26 (6870 turns).

Demitroll the Covered (Demigod Wanderer)            Turns: 6870, Time: 00:19:26

Health: -14/126    AC: 25    Str: 18    XL:     10   Next: 12%
Magic:  15/15      EV:  2    Int: 16    God:
Gold:   335        SH:  0    Dex: 18    Spells: 7/9 levels left

rFire    . . .     SeeInvis .   k - -2 battleaxe (curse)
rCold    . . .     Gourm    .   (shield currently unavailable)
rNeg     + + +     Faith    .   (armour currently unavailable)
rPois    +         Spirit   .   (helmet currently unavailable)
rElec    .         Reflect  .   (cloak currently unavailable)
rCorr    .         Harm     .   (gloves currently unavailable)
MR       +....     NoTele   +   (boots currently unavailable)
Stlth    +++.......             e - amulet of regeneration
HPRegen  0.71/turn              H - ring of wizardry
MPRegen  0.14/turn              n - +5 ring of evasion

@: tree-form (expiring)
A: high mp 1
a: no special abilities


You were on level 7 of the Dungeon.
You were very hungry.
You were a tree.
You visited 1 branch of the dungeon, and saw 8 of its levels.
You also visited: Bailey.

You collected 335 gold pieces.

Inventory:

Hand Weapons
 d - a +0 club
 i - a +3 scimitar of flaming
 j - a +0 war axe
 k - a cursed -2 battleaxe (weapon)
 r - a +0 rapier
 v - a +2 halberd
 w - a +0 rapier
 A - a +1 spear of flaming
Armour
 b - a +2 hat (melded)
 g - a +2 pair of boots
 x - a +1 scale mail of fire resistance (melded)
 C - a +2 pair of boots (melded)
Jewellery
 c - an uncursed ring of stealth
 e - an amulet of regeneration (around neck)
 n - a +5 ring of evasion (right branch)
 p - an uncursed ring of positive energy
 D - an uncursed amulet of the gourmand {unknown}
 H - a ring of wizardry (left branch)
 I - a cursed ring of loudness {unknown}
Scrolls
 o - 2 scrolls of fog
 s - a scroll of enchant weapon
 t - 3 scrolls of identify
 F - a scroll of amnesia
Potions
 a - 3 potions of curing
 h - 3 potions of brilliance
 l - a potion of flight
 m - a potion of resistance
 q - a potion of ambrosia
 u - 2 potions of lignification
 z - 3 potions of haste {unknown}
Comestibles
 f - 8 rations


   Skills:
 + Level 6.4 Fighting
 - Level 5.8 Short Blades
 + Level 2.2(2.6) Axes
 + Level 0.2(1.4) Maces & Flails
 + Level 1.8(2.4) Polearms
 + Level 1.2 Throwing
 + Level 7.2 Armour
 + Level 5.3 Dodging
 + Level 4.6 Stealth
 + Level 2.7 Transmutations
 + Level 0.1 Earth Magic
   Level 3.5 Evocations


You had 7 spell levels left.
You knew the following spells:

 Your Spells              Type           Power        Failure   Level  Hunger
a - Passwall              Tmut/Erth      #.........   9%          2    ###....


Dungeon Overview and Level Annotations

Branches:
Dungeon (8/15)             Temple (0/1) D:7
   Lair: D:8-11

Shops:
D:8 *

Annotations:
D:4 1 runed door
D:8 Maurice; Pikel; p0werm0de's ghost, novice DDFi


Innate Abilities, Weirdness & Mutations

You have an increased reservoir of magic. (+10% MP)


Message History

* * * LOW HITPOINT WARNING * * *
The two-headed ogre hits you with a giant spiked club!
* * * LOW HITPOINT WARNING * * *
You hit the two-headed ogre but do no damage.
The two-headed ogre is severely wounded.
The two-headed ogre hits you but does no damage. x2
You hit the two-headed ogre.
The two-headed ogre is severely wounded.
Your transformation is almost over.
The two-headed ogre completely misses you.
The two-headed ogre hits you with a giant spiked club!!
* * * LOW HITPOINT WARNING * * *
You slash the two-headed ogre!
The two-headed ogre is almost dead.
The two-headed ogre hits you but does no damage.
The two-headed ogre hits you with a giant spiked club.
* * * LOW HITPOINT WARNING * * *
You feel better.
The two-headed ogre hits you with a giant club!!
You die...

########### #......[.....#)
#..####'####.#[ ############
#..# #(# #.#. #..........#
#..####.####.#. #..........#
##......<....... #..........#
#....########... #..........#
#....##.........
#..........###...[##.######.)
#....).[....♣O.......######..
##########...........#.......
#...........#.######
#...........#.#
#...........#.#
#...........#.#
#...........#.#
#...........#.#
#...........#.#


You could see a two-headed ogre.

Vanquished Creatures
  Erica (D:7)
  The ghost of Soeti the Sneak, a novice OpTm (D:6)
  The ghost of p0werm0de the Chopper, an amateur DDFi of Xom (D:5)
  Grinder (D:6)
  A hungry ghost (D:7)
  Edmund (D:4)
  A water moccasin (D:6)
  12 orc warriors
  2 ice beasts
  A sky beast (D:7)
  A phantom (D:7)
  3 ogres
  7 bullfrogs
  4 scorpions
  3 wights (D:6)
  A centaur zombie (D:7)
  A crimson imp (D:6)
  5 hounds
  3 orc priests
  A centaur skeleton (D:6)
  2 bullfrog skeletons
  A jelly (D:5)
  An orc wizard (D:7)
  4 worker ants
  A killer bee zombie (D:5)
  A worker ant zombie (D:5)
  8 gnolls (Bailey)
  11 adders
  An adder skeleton (D:5)
  3 worms
  3 dart slugs
  5 leopard geckos
  33 orcs
  8 giant cockroaches
  13 hobgoblins
  9 jackals
  8 kobolds
  2 quokkas
  4 ball pythons
  A ball python skeleton (D:5)
  8 bats
  2 frilled lizards
  22 goblins
  A leopard gecko zombie (D:5)
  2 rats
  A spectral orc (D:2)
  A fungus (D:4)
207 creatures vanquished.

Notes
Turn   | Place    | Note
-------+----------+-------------------------------------------
     0 | D:1      | Demitroll the Demigod Wanderer began the quest for the Orb.
     0 | D:1      | Demitroll set off with: a +2 scale mail, a +0 club, a ration
     0 | D:1      | Reached XP level 1. HP: 17/17 MP: 3/3
   422 | D:1      | Reached skill level 2 in Armour
   447 | D:1      | Reached XP level 2. HP: 24/24 MP: 5/5
  1210 | D:2      | Reached XP level 3. HP: 30/30 MP: 6/6
  1257 | D:2      | Found a shimmering altar of Xom.
  1386 | D:2      | Reached skill level 1 in Short Blades
  1440 | D:2      | Found a deep blue altar of Sif Muna.
  1535 | D:2      | Found a basalt altar of Yredelemnul.
  1892 | D:3      | Reached XP level 4. HP: 37/37 MP: 7/7
  2124 | D:3      | Reached skill level 1 in Dodging
  2454 | D:4      | Reached skill level 3 in Armour
  2454 | D:4      | Reached XP level 5. HP: 40/44 MP: 8/8
  2541 | D:4      | Found a runed door.
  2581 | D:4      | Noticed Edmund
  2612 | D:4      | Killed Edmund
  2678 | D:4      | Reached XP level 6. HP: 45/51 MP: 9/9
  2850 | D:4      | Found an opulent altar of Gozag.
  3027 | D:5      | Entered Level 5 of the Dungeon
  3101 | D:5      | Found a snail-covered altar of Cheibriados.
  3148 | D:5      | Noticed p0werm0de's ghost (amateur DDFi)
  3197 | D:5      | Killed p0werm0de's ghost
  3197 | D:5      | Reached skill level 1 in Stealth
  3197 | D:5      | Reached XP level 7. HP: 45/57 MP: 10/10
  3248 | D:5      | Learned a level 2 spell: Passwall
  3289 | D:5      | Reached skill level 5 in Short Blades
  3341 | D:5      | Reached skill level 4 in Armour
  4043 | D:6      | Reached XP level 8. HP: 63/66 MP: 12/12
  4073 | D:6      | Noticed Soeti's ghost (novice OpTm)
  4098 | D:6      | Killed Soeti's ghost
  4098 | D:6      | Reached skill level 5 in Armour
  4321 | D:6      | Noticed Grinder
  4331 | D:6      | Paralysed by Grinder for 2 turns
  4347 | D:6      | Killed Grinder
  4405 | D:6      | Reached skill level 5 in Fighting
  4564 | D:6      | Found an ancient bone altar of Kikubaaqudgha.
  4653 | D:6      | Found a sacrificial altar of Ru.
  4657 | D:6      | Found an iron altar of Okawaru.
  4893 | D:7      | Reached XP level 9. HP: 70/74 MP: 14/14
  5081 | D:7      | Found a staircase to the Ecumenical Temple.
  5138 | D:7      | Found a flagged portal.
  5145 | Bailey   | Entered a bailey
  5364 | Bailey   | Reached skill level 6 in Armour
  5775 | Bailey   | Noticed an orc warlord
  5952 | D:8      | Noticed p0werm0de's ghost (novice DDFi)
  5954 | D:8      | Noticed Maurice
  5956 | D:8      | Noticed Pikel
  5958 | D:8      | Noticed a manticore
  5963 | D:8      | Found Cupari's Assorted Antiques.
  5981 | D:8      | Noticed a two-headed ogre
  6030 | D:7      | Found a burning altar of Makhleb.
  6232 | D:7      | Reached skill level 5 in Dodging
  6467 | D:7      | Reached skill level 1 in Polearms
  6595 | D:8      | Noticed Erica
  6624 | D:7      | Killed Erica
  6624 | D:7      | Reached skill level 7 in Armour
  6624 | D:7      | Reached XP level 10. HP: 53/84 MP: 15/15
  6868 | D:7      | HP: 6/126 [two-headed ogre/giant club (20)]
  6869 | D:7      | HP: 2/126 [two-headed ogre/giant club (5)]
  6870 | D:7      | Demolished by a two-headed ogre

Vault maps used:
D:1:      mrwooster_arrival_statue_2, serial_curves, eino_curves_04,
          eino_curves_03
D:2:      yredelemnul_forgotten_temple_becter, lemuel_doored_altar,
          nicolae_overflow_crystal_walls
D:4:      cheibrodos_old_hovel, grunt_gozag_statues, sigmund_edmund_badplayer,
          uniq_crazy_yiuf_cottage
D:5:      kennysheep_slug_shrine, first_ration
D:6:      minmay_overflow_temple_star_quad, uniq_grinder
D:7:      kennysheep_mini, minmay_temple_entry_overgrown, enter_bailey_2
D:8:      grunt_dithmenos_shadows, serial_shops, shop_fountains, uniq_erica,
          uniq_maurice, uniq_pikel
Bailey:   bailey_axe_minmay_hex_keep, bailey

Skill      XL: |  1  2  3  4  5  6  7  8  9 10 |
---------------+-------------------------------+-----
Fighting       | 2 3 5 6 |  6.4
Armour         | 2 3 4 5 7 |  7.2
Short Blades   | 1 2 3 4 5 |  5.8
Dodging        | 1 2 3 5 |  5.3
Stealth        | 1 2 4 |  4.6
Evocations     | 2 3 |  3.5
Polearms       | 1 |  1.8
Axes           | 2 |  2.2
Maces & Flails | |  0.2
Throwing       | |  1.2
Transmutations | |  2.7
Earth Magic    | |  0.1

Action                   |  1- 3 |  4- 6 |  7- 9 | 10-12 || total
-------------------------+-------+-------+-------+-------++-------
Melee: Club              |    42 |       |       |       ||    42
       Short sword       |   149 |   246 |   958 |       ||  1353
       Spear             |       |       |    31 |       ||    31
       Battleaxe         |       |       |    15 |    36 ||    51
 Cast: Passwall          |       |       |     1 |       ||     1
Evoke: Wand              |       |     8 |    40 |       ||    48
  Use: Scroll            |     8 |     4 |     4 |     1 ||    17
       Potion            |       |    10 |     5 |     5 ||    20
 Stab: Paralysed         |       |     6 |     5 |       ||    11
       Sleeping          |       |       |     3 |       ||     3
  Eat: Chunk             |     2 |     3 |     9 |       ||    14
       Ration            |     1 |       |     3 |       ||     4
Armor: Scale mail        |   108 |    70 |   244 |    12 ||   434
       Skin              |       |       |    21 |     4 ||    25
Dodge: Dodged            |   143 |   135 |   684 |    44 ||  1006

Table legend:
 A = Spawn XP
 B = Non-spawn XP
 C = Spawn XP percentage of total XP
 D = Spawn monster count
 E = Non-spawn monster count
 F = Spawn count percentage of total count
 G = Total turns spent on level
                    A         B        C        D         E        F      G
               +---------+---------+-------+---------+---------+-------+---------
         Total |       0 |    7382 |   0.0 |       0 |     206 |   0.0 |  6870
               +---------+---------+-------+---------+---------+-------+---------
           D:1 |       0 |      42 |   0.0 |       0 |      25 |   0.0 |  1158
           D:2 |       0 |      71 |   0.0 |       0 |      23 |   0.0 |   611
           D:3 |       0 |      74 |   0.0 |       0 |      17 |   0.0 |   630
           D:4 |       0 |     462 |   0.0 |       0 |      14 |   0.0 |   628
           D:5 |       0 |     801 |   0.0 |       0 |      25 |   0.0 |   854
           D:6 |       0 |    1732 |   0.0 |       0 |      17 |   0.0 |   970
           D:7 |       0 |    2745 |   0.0 |       0 |      37 |   0.0 |  1282
           D:8 |       0 |      73 |   0.0 |       0 |       4 |   0.0 |    95
        Bailey |       0 |    1382 |   0.0 |       0 |      44 |   0.0 |   642
               +---------+---------+-------+---------+---------+-------+---------
